 Dungeon Crawl Stone Soup version 0.29-a0-284-gf9362112df (webtiles) character file.

Game seed: 8643830869241577160

1981 sizableburger the Bolt Thrower (level 9, 0/47 HPs)
             Began as a Deep Elf Hunter on Mar 17, 2022.
             Was an Elder of Ignis.
             Killed from afar by a manticore (14 damage)
             ... with a volley of spikes
             ... on level 6 of the Dungeon.
             The game lasted 00:18:22 (6553 turns).

sizableburger the Bolt Thrower (Deep Elf Hunter)    Turns: 6553, Time: 00:18:23

Health: 0/47       AC: 11    Str: 10    XL:     9   Next: 1%
Magic:  17/17      EV: 12    Int: 15    God:    Ignis [****..]
Gold:   296        SH:  5    Dex: 20    Spells: 13/16 levels left

rFire   + + .      SeeInvis .   a - +2 hand crossbow
rCold   . . .      Faith    .   (no shield)
rNeg    . . .      Spirit   .   s - +3 ring mail {rF+}
rPois   .          Reflect  +   t - +0 helmet
rElec   .          Harm     .   (no cloak)
rCorr   .          Rampage  .   i - +0 pair of gloves
Will    ++...                   w - +0 pair of boots
Stlth   +.........              p - amulet of reflection
HPRegen 0.15/turn               g - ring "Seacen" {Wiz Drain +Blink Fly Will++}
MPRegen 0.15/turn               u - +4 ring of slaying

@: spiked, flying
A: no striking features
a: Renounce Religion, Evoke Blink, Fiery Armour, Foxfire Swarm, Rising Flame


You were on level 6 of the Dungeon.
You worshipped Ignis.
Ignis was greatly pleased with you.
You visited 1 branch of the dungeon, and saw 6 of its levels.

You collected 341 gold pieces.
You spent 45 gold pieces at shops.

Inventory:

Hand Weapons
 a - a +2 hand crossbow (weapon)
 v - a +2 rapier of draining
Armour
 b - a +0 leather armour
 i - a +0 pair of gloves (worn)
 s - a +3 ring mail of fire resistance (worn)
 t - a +0 helmet (worn)
 w - a +0 pair of boots (worn)
Jewellery
 g - the ring "Seacen" (left hand) {Wiz Drain +Blink Fly Will++}
   (You acquired it on level 4 of the Dungeon)

   [ring of wizardry]

   It improves your spell success rate.
   Fly:       It grants you flight.
   +Blink:    It lets you blink.
   Drain:     It drains your maximum health when unequipped.
   Will:      It greatly increases your willpower.
 p - an amulet of reflection (around neck)
 u - a +4 ring of slaying (right hand)
Wands
 k - a wand of charming (6)
Scrolls
 d - a scroll of teleportation
 h - 2 scrolls of vulnerability
 n - 3 scrolls of magic mapping
 y - a scroll of identify
Potions
 c - a potion of ambrosia
 f - 2 potions of brilliance
 l - 2 potions of might
 m - 2 potions of curing
 o - a potion of berserk rage {unknown}
 q - a potion of magic {unknown}
 r - a potion of mutation {unknown}
 x - a potion of resistance {unknown}


   Skills:
 - Level 1.5 Fighting
 + Level 4.1 Short Blades
 + Level 7.3 Crossbows
 + Level 2.4 Armour
 - Level 4.4 Dodging
 - Level 1.2 Stealth
 - Level 4.2 Spellcasting
 - Level 4.0 Conjurations
 - Level 2.2 Air Magic
 - Level 4.0 Poison Magic


You had 13 spell levels left.
You knew the following spells:

 Your Spells              Type           Power      Damage    Failure   Level
a - Mephitic Cloud        Conj/Pois/Air  13%        N/A       12%         3

Your spell library contained the following spells:

 Spells                   Type           Power      Damage    Failure   Level
 Corpse Rot               Necr/Air       12%        N/A       16%         2
 Ignite Poison            Fire/Tmut/Pois 7%         N/A       28%         3
 Call Canine Familiar     Summ           3%         N/A       45%         3
 Portal Projectile        Hex/Tloc       6%         N/A       45%         3
 Dispel Undead            Necr           3%         3d7       83%         4
 Leda's Liquefaction      Hex/Erth       1%         N/A       83%         4
 Freezing Cloud           Conj/Ice/Air   4%         6-21      87%         5
 Death Channel            Necr           1%         N/A       100%        6


Dungeon Overview and Level Annotations

Branches:
Dungeon (6/15)             Temple (0/1) D:5

Altars:
Elyvilon
Ignis

Shops:
D:2 ?   D:3 !*[(   D:4 [


Message History

You have reached level 9!
Your experience leads to an increase in your attributes!
Increase (S)trength, (I)ntelligence, or (D)exterity?
You feel stronger. x2
Found a stone staircase leading down.
You now have 296 gold pieces (gained 6).
Found a stone staircase leading down.
You are flying.
Your flying speed is average.
Your attack delay is about 1.2 (and is slowed by your armour).
There is a stone staircase leading down here.
An adder comes into view.
An adder is nearby!
You shoot a bolt. The bolt hits the adder!
You kill the adder!
No target in view!
You see here an adder corpse.
You shoot a bolt. The bolt hits the manticore!
The manticore is moderately wounded.
The manticore flicks its tail.
The volley of spikes hits you!
The barbed spikes become lodged in your body.
Unknown command.
Shoot: a) +2 hand crossbow
Press: ? - help, Q - select action, (/) - cycle Shift-Dir - straight line, f/p - manticore
Aim: a manticore (moderately wounded, 79% to hit)
You shoot a bolt. The bolt barely misses the manticore.
Unknown command.
Shoot: a) +2 hand crossbow
Press: ? - help, Q - select action, (/) - cycle Shift-Dir - straight line, f/p - manticore
Aim: a manticore (moderately wounded, 79% to hit)
You shoot a bolt. The bolt hits the manticore!
The manticore is moderately wounded.
The manticore flicks its tail.
The volley of spikes hits you!
The barbed spikes become lodged in your body.
* * * LOW HITPOINT WARNING * * *
The manticore flicks its tail.
The volley of spikes hits you!
The barbed spikes become lodged in your body.
You die...

#..# #..§..# #.#....
#######..#####.###§#
##.#...#
#............#.#
#.####...#..#
#.#####..###)#.#
#........##.# #.# #..#
#.#.# #.###.......# #.#
#..# #.#.# #(...........
#.# #..###.#.#
#.###.....#.# #.#
#......#.###.####...##.#
#.# ##.....@..H...#
##.## # #.#
####..#.###..# #.###.#
#.# #..#.# #..####......
#.# #..#.# #...........#
#.#########..#.#
#.###########
#............#.###.#####
###########.##.........#
#.######...#.# #.#
###.#.#


You could see a manticore.

Vanquished Creatures
  Sigmund (D:3)
  A water moccasin (D:6)
  Duvessa (D:5)
  An ice beast (D:6)
  A sky beast (D:4)
  A centaur (D:6)
  A phantom (D:6)
  A gnoll sergeant (D:4)
  2 bullfrogs (D:5)
  2 necrophages (D:6)
  2 scorpions
  Dowan (D:5)
  A howler monkey (D:5)
  3 hounds
  A jelly (D:6)
  5 orc priests
  3 iguanas
  Jessica (D:2)
  Ijyb (D:3)
  Terence (D:2)
  An orc wizard (D:6)
  3 gnolls (D:4)
  3 adders
  An ufetubus (D:6)
  2 worms
  4 dart slugs
  12 orcs
  6 endoplasms
  4 giant cockroaches
  7 hobgoblins
  8 jackals
  9 quokkas
  8 ball pythons
  6 bats
  4 frilled lizards
  5 goblins
  5 kobolds
  4 rats
123 creatures vanquished.

Vanquished Creatures (collateral kills)
  An ogre (D:6)
  A scorpion (D:5)
2 creatures vanquished.

Grand Total: 125 creatures vanquished

Notes
Turn   | Place    | Note
-------+----------+-------------------------------------------
     0 | D:1      | sizableburger the Deep Elf Hunter began the quest for the
                  | Orb.
     0 | D:1      | Reached XP level 1. HP: 12/12 MP: 3/3
    98 | D:1      | Reached XP level 2. HP: 16/16 MP: 4/4
   242 | D:1      | Reached skill level 4 in Crossbows
   247 | D:1      | Found a faded altar of an unknown god.
   331 | D:1      | Reached XP level 3. HP: 20/20 MP: 5/5
   494 | D:1      | Prayed at the altar of an unknown god.
   494 | D:1      | Became a worshipper of Ignis, the Dying Flame
  1030 | D:2      | Noticed Terence
  1125 | D:2      | Found a white marble altar of Elyvilon.
  1191 | D:2      | Found Kafyun's Magic Scroll Emporium.
  1312 | D:2      | Killed Terence
  1628 | D:2      | Noticed Jessica
  1629 | D:2      | Killed Jessica
  1630 | D:2      | Reached XP level 4. HP: 25/25 MP: 6/6
  1920 | D:3      | Found Bawnexko's Weapon Boutique.
  2035 | D:3      | Learned a level 3 spell: Mephitic Cloud
  2042 | D:3      | Found Dudweu Wuyb's Antique Armour Shoppe.
  2090 | D:3      | Found Futhrumm's General Store.
  2109 | D:3      | Found Moemel's Distillery.
  2133 | D:3      | Noticed Sigmund
  2140 | D:3      | Killed Sigmund
  2141 | D:3      | Reached skill level 1 in Poison Magic
  2141 | D:3      | Reached XP level 5. HP: 10/29 MP: 6/10
  2141 | D:3      | Reached XP level 6. HP: 12/34 MP: 6/11
  2419 | D:3      | Reached skill level 5 in Crossbows
  2884 | D:3      | Noticed Ijyb
  2912 | D:3      | Killed Ijyb
  3227 | D:4      | Found Jiaplihio's Armour Shoppe.
  3230 | D:4      | Bought a +0 helmet for 45 gold pieces
  3269 | D:4      | Identified a scroll of acquirement
  3269 | D:4      | Acquired the ring "Seacen" {Wiz Drain +Blink Fly Will++}
  3279 | D:4      | Reached skill level 1 in Air Magic
  3589 | D:4      | Noticed a sky beast
  3596 | D:4      | Killed a sky beast
  3597 | D:4      | Reached XP level 7. HP: 31/38 MP: 14/14
  4058 | D:5      | Entered Level 5 of the Dungeon
  4428 | D:5      | Found a staircase to the Ecumenical Temple.
  4539 | D:5      | Noticed Duvessa
  4544 | D:5      | Killed Duvessa
  4545 | D:5      | Reached skill level 6 in Crossbows
  4545 | D:5      | Noticed Dowan
  4548 | D:5      | Killed Dowan
  4789 | D:5      | Reached XP level 8. HP: 43/43 MP: 16/16
  4946 | D:5      | Reached skill level 1 in Short Blades
  5375 | D:6      | Reached skill level 1 in Armour
  5932 | D:6      | Reached skill level 7 in Crossbows
  6238 | D:6      | Noticed a manticore
  6480 | D:6      | Reached XP level 9. HP: 47/47 MP: 17/17
  6553 | D:6      | Killed from afar by a manticore

Illustrated notes

Levels and vault maps discovered:
D:1:      dpeg_arrival_connections, layout_rooms,
          nicolae_ecumenical_lake_church, serial_forest,
          infiniplex_forest_lined_room_3, infiniplex_forest_lined_corner,
          infiniplex_forest_end_2, infiniplex_forest_end_1
D:2:      layout_basic, serial_shops, shop, basic_altar, uniq_terence,
          uniq_jessica
D:3:      layout_basic, serial_shops, shop, nicolae_diamond_shop, shop, shop,
          st_stairs_11, uniq_sigmund, uniq_ijyb
D:4:      layout_cave_pools, serial_shops, nicolae_stop_n_shop_2,
          lightli_minifort
D:5:      layout_loops_ring, minmay_temple_entry_overgrown, uniq_duvessa
D:6:      layout_loops_ring

Skill      XL: |  1  2  3  4  5  6  7  8 |
---------------+-------------------------+-----
Dodging        | 3 4 |  4.4
Crossbows      | 4 5 6 7 |  7.3
Spellcasting   | 2 3 4 |  4.2
Conjurations   | 2 3 4 |  4.0
Poison Magic   | 1 2 3 4 |  4.0
Air Magic      | 2 |  2.2
Short Blades   | 4 |  4.1
Armour         | 2 |  2.4
Fighting       | |  1.5
Stealth        | |  1.2

Action                   |  1- 3 |  4- 6 |  7- 9 || total
-------------------------+-------+-------+-------++-------
Melee: Rapier            |       |       |     2 ||     2
 Fire: Hand crossbow     |    91 |   107 |   179 ||   377
Invok: Fiery Armour      |       |     1 |     2 ||     3
 Abil: Evoke Blink       |       |       |     2 ||     2
Evoke: Wand              |       |       |     1 ||     1
  Use: Scroll            |     2 |    14 |     3 ||    19
       Potion            |       |       |     2 ||     2
Armor: Leather armour    |     4 |       |       ||     4
       Ring mail         |       |    17 |    34 ||    51
       Skin              |       |       |    11 ||    11
Dodge: Dodged            |    18 |    43 |    51 ||   112
Block: Other             |       |     1 |    17 ||    18
       Reflection        |       |       |     1 ||     1

Table legend: (Time is in decaauts)
 A = Elapsed time spent in this place.
 B = Non-inter-level travel time spent in this place.
 C = Inter-level travel time spent in this place.
 D = Time resting spent in this place.
 E = Time spent auto-exploring this place.
 F = Levels seen in this place.
 G = Mean time per level.
                   A        B        C        D        E       F      G
               +--------+--------+--------+--------+--------+-----+--------+
         Total |   6687 |   6344 |    343 |   1723 |   3589 |   6 | 1114.5 |
       Dungeon |   6687 |   6344 |    343 |   1723 |   3589 |   6 | 1114.5 |
               +--------+--------+--------+--------+--------+-----+--------+

Top non-repeatable levels by time:
     D:3: 1421 daAuts
     D:5: 1370 daAuts
     D:6: 1176 daAuts
     D:1: 1002 daAuts
     D:2: 924 daAuts
     D:4: 791 daAuts
